 Dungeon Crawl Stone Soup version 0.27-a0-1206-g6342a01c75 (webtiles) character file.

Game seed: 16841823903979491835

640 Delamore the Poker (level 7, -3/56 HPs)
             Began as a Formicid Fighter on June 5, 2021.
             Was an Initiate of Okawaru.
             Slain by a mummy (8 damage)
             ... in an ossuary.
             The game lasted 00:05:15 (3452 turns).

Delamore the Poker (Formicid Fighter)               Turns: 3452, Time: 00:05:16

Health: -3/56      AC:  9    Str: 22    XL:     7   Next: 80%
Magic:  7/7        EV: 10    Int:  8    God:    Okawaru [......]
Gold:   174        SH: 11    Dex: 10    Spells: 6/6 levels left

rFire    . . .     SeeInvis +   a - +0 trident
rCold    + . .     Faith    .   c - +1 kite shield
rNeg     . . .     Spirit   .   g - +0 chain mail
rPois    .         Reflect  .   (helmet unavailable)
rElec    .         Harm     .   (no cloak)
rCorr    .         Rampage  .   (no gloves)
Will     .....                  (no boots)
Stlth    ..........             (no amulet)
HPRegen  0.18/turn              l - ring of protection from cold
MPRegen  0.10/turn              m - +4 ring of evasion

@: marked, flying
A: permanent stasis, dig shafts and tunnels, antennae 3, four strong arms,
hooves 1
a: Dig, Renounce Religion


You were in an ossuary.
You worshipped Okawaru.
Okawaru was noncommittal.
You visited 1 branch of the dungeon, and saw 5 of its levels.
You also visited: Ossuary.

You collected 174 gold pieces.

Inventory:

Hand Weapons
 a - a +0 trident (weapon)
Armour
 b - a +0 scale mail
 c - a +1 kite shield (worn)
 g - a +0 chain mail (worn)
Jewellery
 l - a ring of protection from cold (left hand)
 m - a +4 ring of evasion (right hand)
Wands
 o - a wand of flame (10)
Potions
 d - 2 potions of might
 f - 3 potions of attraction
 h - a potion of ambrosia
 i - a potion of brilliance
 j - a potion of berserk rage
 k - a potion of haste


   Skills:
 - Level 5.0 Fighting
 * Level 6.1 Polearms
 - Level 3.2 Armour
 + Level 6.0 Shields


You had 6 spell levels left.
You didn't know any spells.
Your spell library contained the following spells:

 Spells                   Type           Power      Damage    Failure   Level
 Magic Dart               Conj           0%         1d3       100%        1
 Searing Ray              Conj           0%         3d3       100%        2
 Dazzling Flash           Conj/Hex       0%         N/A       100%        3
 Fulminant Prism          Conj/Hex       0%         3d6       100%        4
 Iskenderun's Mystic Bla  Conj/Tloc      0%         2d3       100%        4


Dungeon Overview and Level Annotations

Branches:
Dungeon (5/15)            Ossuary (1/1)
 Temple: D:4-7

Altars:
Ashenzari
Gozag
Nemelex Xobeh
Okawaru
The Shining One

Portals:
Sewer: D:5

Annotations:
D:5 1 runed translucent door, Welwordion's ghost, amateur SpWr


Innate Abilities, Weirdness & Mutations

You cannot be hasted, slowed, berserked, paralysed or teleported.
You can dig through walls and to a lower floor.
You have a pair of large antennae on your head. (SInv)
Your four strong arms can wield two-handed weapons with a shield.
You have large cloven feet.


Message History

The kobold zombie is moderately damaged.
The rat zombie barely misses you. You block the elf zombie's attack.
The mummy hits you! You block the adder zombie's attack.
The elf zombie hits you.
* * * LOW HITPOINT WARNING * * *
You hit the kobold zombie.
The kobold zombie is severely damaged.
You block the kobold zombie's attack.
The rat zombie bites you but does no damage.
The adder zombie bites you.
* * * LOW HITPOINT WARNING * * *
The elf zombie misses you.
It was a potion of haste.
Your stasis prevents you from being hasted.
The elf zombie hits you.
* * * LOW HITPOINT WARNING * * *
You block the kobold zombie's attack.
The adder zombie bites you but does no damage.
You block the mummy's attack.
The rat zombie bites you but does no damage.
The elf zombie hits you.
* * * LOW HITPOINT WARNING * * *
It was a potion of magic.
Magic courses through your body. The adder zombie barely misses you.
The elf zombie hits you but does no damage.
The kobold zombie barely misses you. You block the mummy's attack.
The rat zombie bites you.
* * * LOW HITPOINT WARNING * * *
It was a potion of flight.
You feel very buoyant.
You fly up into the air.
The adder zombie completely misses you. The elf zombie closely misses you.
The elf zombie completely misses you. The kobold zombie barely misses you.
It was a potion of mutation.
You feel extremely strange.
Your feet thicken and deform.
The adder zombie bites you but does no damage.
The rat zombie misses you. The elf zombie hits you.
* * * LOW HITPOINT WARNING * * *
The mummy hits you!
You die...

##############...# {{
#...# #...# { ##...#
#...# ....+####...#
#.∩.....#...# {
#.......#...#
#.ZZ....#...#
#.####ZZZZ...#...#
#..ZZZZM@ZZ..#...#
.####ZZ####.#...#
#ZZ# #...# #ZZ# #...#
...######ZZ######...#
....................#
........8..8........#
....................#
....................#


You could see a mummy, an adder zombie, 2 rat zombies, a jackal zombie, 5
hobgoblin zombies, 4 kobold zombies, 2 orc zombies, 4 elf zombies and a centaur
zombie.

Vanquished Creatures
  Grinder (D:4)
  A water moccasin (D:4)
  Blork the orc (D:4)
  A howler monkey (D:5)
  2 jellies
  Ijyb (D:3)
  A mummy (Ossuary)
  4 adders
  An adder zombie (Ossuary)
  4 worms
  2 dart slugs
  4 orcs
  5 ball pythons
  5 bats
  3 endoplasms
  8 giant cockroaches
  7 hobgoblins
  2 jackals (D:3)
  3 quokkas
  5 frilled lizards
  6 goblins
  8 hobgoblin zombies (Ossuary)
  6 kobolds
  4 kobold zombies (Ossuary)
  3 orc zombies (Ossuary)
  A quokka skeleton (D:4)
  6 rats
95 creatures vanquished.

Notes
Turn   | Place    | Note
-------+----------+-------------------------------------------
     0 | D:1      | Delamore the Formicid Fighter began the quest for the Orb.
     0 | D:1      | Reached XP level 1. HP: 18/18 MP: 1/1
    74 | D:1      | Reached XP level 2. HP: 17/24 MP: 2/2
   260 | D:1      | Found a faded altar of an unknown god.
   274 | D:1      | Became a worshipper of the Shining One
   274 | D:1      | Reached * piety under the Shining One
   318 | D:1      | Reached XP level 3. HP: 29/29 MP: 3/3
  1068 | D:2      | Reached XP level 4. HP: 37/37 MP: 4/4
  1610 | D:3      | Reached XP level 5. HP: 40/42 MP: 5/5
  1794 | D:3      | Noticed Ijyb
  1848 | D:3      | Killed Ijyb
  2205 | D:4      | Noticed a water moccasin
  2220 | D:4      | Killed a water moccasin
  2221 | D:4      | Reached skill level 5 in Shields
  2221 | D:4      | Reached XP level 6. HP: 20/49 MP: 6/6
  2484 | D:4      | Noticed Grinder
  2484 | D:4      | Reached ** piety under the Shining One
  2513 | D:4      | Killed Grinder
  2514 | D:4      | Reached skill level 5 in Fighting
  2514 | D:4      | Reached skill level 5 in Polearms
  2514 | D:4      | Reached XP level 7. HP: 22/56 MP: 5/7
  2703 | D:4      | Found a sparkling altar of Nemelex Xobeh.
  2704 | D:4      | Found a broken altar of Ashenzari.
  2704 | D:4      | Found an iron altar of Okawaru.
  2801 | D:4      | Fell from the grace of the Shining One
  2801 | D:4      | Became a worshipper of Warmaster Okawaru
  2949 | D:4      | Noticed Blork the orc
  2958 | D:4      | Killed Blork the orc
  3192 | D:5      | Entered Level 5 of the Dungeon
  3201 | D:5      | Found an opulent altar of Gozag.
  3248 | D:5      | Found a runed translucent gate.
  3248 | D:5      | Noticed Welwordion's ghost (amateur SpWr)
  3294 | D:5      | Found a glowing drain.
  3346 | D:5      | Found a sand-covered staircase.
  3356 | Ossuary  | Entered an ossuary
  3452 | Ossuary  | Gained mutation: You have large cloven feet. [potion of
                  | mutation]
  3452 | Ossuary  | Slain by a mummy

Illustrated notes

Levels and vault maps discovered:
D:1:      ncdulo_smallfort, layout_rooms, basic_ecumenical_altar, st_stairs_14,
          minmay_pentomino_x4
D:2:      layout_basic
D:3:      layout_rooms, uniq_ijyb
D:4:      layout_rooms, chequers_temple_overflow_statue_of_worship,
          uniq_grinder, uniq_blork_the_orc
D:5:      layout_basic, grunt_gozag_breadcrumbs, cheibrodos_sewer_entry_sluice,
          biasface_ghost_orc_armoury, nicolae_ossuary_entry_ruins, uniq_menkaure
Ossuary:  ossuary_tomb_1

Skill      XL: |  1  2  3  4  5  6  7 |
---------------+----------------------+-----
Shields        | 4 5 6 |  6.0
Polearms       | 3 4 5 6 |  6.1
Fighting       | 4 5 |  5.0
Armour         | |  3.2

Action                   |  1- 3 |  4- 6 |  7- 9 || total
-------------------------+-------+-------+-------++-------
Melee: Trident           |   117 |    96 |   122 ||   335
       Unarmed           |       |    23 |       ||    23
Invok: Divine Shield     |       |     1 |       ||     1
 Abil: Dig               |       |     2 |     8 ||    10
  Use: Scroll            |     4 |     3 |     5 ||    12
       Potion            |       |       |     4 ||     4
Armor: Scale mail        |    53 |       |       ||    53
       Chain mail        |     6 |    32 |    52 ||    90
Dodge: Dodged            |    39 |    36 |    64 ||   139
Block: Kite shield       |    62 |    40 |    82 ||   184

Table legend: (Time is in decaauts)
 A = Elapsed time spent in this place.
 B = Non-inter-level travel time spent in this place.
 C = Inter-level travel time spent in this place.
 D = Time resting spent in this place.
 E = Time spent auto-exploring this place.
 F = Levels seen in this place.
 G = Mean time per level.
                   A        B        C        D        E       F      G
               +--------+--------+--------+--------+--------+-----+--------+
         Total |   3538 |   3447 |     91 |    348 |   2235 |   6 |  589.7 |
       Dungeon |   3437 |   3346 |     91 |    348 |   2235 |   5 |  687.4 |
       Ossuary |    101 |    101 |      0 |      0 |      0 |   1 |  101.0 |
               +--------+--------+--------+--------+--------+-----+--------+

Top non-repeatable levels by time:
     D:4: 1026 daAuts
     D:2: 753 daAuts
     D:3: 743 daAuts
     D:1: 727 daAuts
     D:5: 185 daAuts
 Ossuary: 101 daAuts
